 Dungeon Crawl Stone Soup version 0.28.0-62-gf88900778d (webtiles) character file.

Game seed: 6604863437817919098

4071 cbfl8 the Covert (level 10, -3/54 HPs)
             Began as a Kobold Monk on Sept 12, 2023.
             Was an Elder of Hepliaklqana.
             Slain by a slime creature (9 damage)
             ... on level 9 of the Dungeon.
             The game lasted 00:10:28 (10867 turns).

cbfl8 the Covert (Kobold Monk)                     Turns: 10867, Time: 00:10:29

Health: -3/54      AC: 12    Str: 14    XL:     10   Next: 49%
Magic:  10/10      EV: 17    Int: 12    God:    Hepliaklqana [****..]
Gold:   322        SH:  0    Dex: 22    Spells: 9/9 levels left

rFire   . . .      SeeInvis .   g - +0 dagger (venom)
rCold   + . .      Faith    .   (no shield)
rNeg    + . .      Spirit   .   q - +6 ring mail "Rosmie Toynu" {rPois rN+}
rPois   +          Reflect  .   f - +0 helmet
rElec   .          Harm     .   (no cloak)
rCorr   .          Rampage  .   (no gloves)
Will    .....                   (no boots)
Stlth   +++++++...              (no amulet)
HPRegen 0.18/turn               c - +6 ring of strength
MPRegen 0.12/turn               m - ring of protection from cold

@: studying 2 skills
A: reduced essence, small, no large weapons, nightstalker 3
a: Renounce Religion, Recall Ancestor, Ancestor Identity, Transference, Idealise


You were on level 9 of the Dungeon.
You worshipped Hepliaklqana.
Hepliaklqana was greatly pleased with you.
You visited 1 branch of the dungeon, and saw 9 of its levels.

You collected 426 gold pieces.
You spent 104 gold pieces at shops.

Inventory:

Hand Weapons
 g - a +0 dagger of venom (weapon)
Armour
 f - a +0 helmet (worn)
 q - the +6 ring mail "Rosmie Toynu" (worn) {rPois rN+}
   (You took it off an orc priest on level 5 of the Dungeon)

   rPois:     It protects you from poison.
   rN:        It protects you from negative energy.
Jewellery
 c - a +6 ring of strength (left hand)
 m - a ring of protection from cold (right hand)
 s - a ring of poison resistance
 A - the amulet of the Air {Inacc Air Fly rElec RMsl}
   (You found it on level 8 of the Dungeon)

   [amulet of nothing]

   It reduces the accuracy of all your attacks.
   It enhances your air magic.
   rElec:     It insulates you from electricity.
   Fly:       It grants you flight.
   RMsl:      It protects you from missiles.
Wands
 d - a wand of iceblast (12)
 e - a wand of flame (21)
Scrolls
 b - 2 scrolls of fear {unknown}
 h - 2 scrolls of fog
 i - 5 scrolls of blinking
 o - a scroll of summoning
 p - 2 scrolls of immolation
 r - a scroll of teleportation
 t - a scroll of enchant weapon {unknown}
 v - a scroll of magic mapping
 y - 5 scrolls of identify
 z - a scroll of noise {unknown}
Potions
 a - 4 potions of curing
 j - a potion of flight
 k - a potion of haste {unknown}
 l - a potion of attraction {unknown}
 w - a potion of lignification {unknown}
 x - a potion of mutation {unknown}


   Skills:
 + Level 5.6 Fighting
 - Level 10.0 Short Blades
 - Level 2.0 Armour
 + Level 6.4 Dodging
 * Level 14.7 Stealth
 + Level 0.1 Unarmed Combat
 * Level 8.0 Evocations


You had 9 spell levels left.
You didn't know any spells.
Your spell library contained the following spells:

 Spells                   Type           Power      Damage    Failure   Level
 Magic Dart               Conj           0%         1d3       54%         1
 Sandblast                Erth           0%         2d4       54%         1
 Call Imp                 Summ           0%         N/A       69%         2
 Passwall                 Tmut/Erth      0%         N/A       69%         2
 Mephitic Cloud           Conj/Pois/Air  0%         N/A       89%         3
 Stone Arrow              Conj/Erth      0%         3d7       89%         3
 Animate Armour           Summ/Erth      0%         N/A       100%        4
 Blade Hands              Tmut           0%         N/A       100%        5
 Iron Shot                Conj/Erth      0%         9d1       100%        6


Dungeon Overview and Level Annotations

Branches:
Dungeon (9/15)             Temple (0/1) D:7
   Lair: D:8-11         Orc: D:9-12

Altars:
Gozag
Hepliaklqana
Sif Muna
Xom
Zin
Lugonu

Shops:
D:8 *

Portals:
Abyss: D:5

Annotations:
D:4 2 transporters
D:7 2 transporters


Innate Abilities, Weirdness & Mutations

Your life essence is reduced to manifest your ancestor. (-10% HP)
You are small and have problems with some larger weapons.
You are completely attuned to the shadows.


Message History

You hit the slime creature but do no damage.
The slime creature is heavily wounded.
You hit the slime creature but do no damage.
The slime creature looks as sick as possible!
The slime creature is heavily wounded.
The slime creature barely misses you.
You hit the slime creature but do no damage.
The slime creature is heavily wounded.
You hit the slime creature.
The slime creature is heavily wounded.
The slime creature barely misses you.
You hit the slime creature but do no damage.
The slime creature is heavily wounded.
You hit the slime creature.
The slime creature is heavily wounded.
The slime creature hits you.
* * * LOW HITPOINT WARNING * * *
You hit the slime creature but do no damage.
The slime creature is severely wounded.
You hit the slime creature.
The slime creature is severely wounded.
The slime creature misses you.
You hit the slime creature but do no damage.
The slime creature is severely wounded.
You hit the slime creature but do no damage.
The slime creature looks as sick as possible!
The slime creature is severely wounded.
The slime creature barely misses you.
You hit the slime creature.
The slime creature is severely wounded.
You hit the slime creature but do no damage.
The slime creature looks as sick as possible!
The slime creature is severely wounded.
The slime creature barely misses you.
You hit the slime creature.
The slime creature is almost dead.
You completely miss the slime creature.
The slime creature is almost dead.
The slime creature hits you!
You die...

......................#
......................#
......................#
..[...........######..#
..............# #..####
..............# #.....#
..............# #......
...........J..# #......
........@.######......
......................
####...................
#...................
#....######........[
#....#....#.........
#....#....#####.....
#..###........#.....
#..#..........#.....


You could see a slime creature (extremely poisoned).

Vanquished Creatures
  A hornet (D:9)
  Grinder (D:4)
  A slime creature (D:9)
  Sigmund (D:6)
  Eustachio (D:4)
  3 water moccasins
  A black bear (D:7)
  A sky beast (D:5)
  3 orc warriors
  2 ogres
  4 centaurs
  2 bullfrogs (D:7)
  4 kobold brigands
  Blork the orc (D:5)
  A scorpion (D:6)
  A wyvern zombie (D:7)
  2 jellies
  6 hounds
  2 centaur zombies (D:7)
  6 orc priests
  A centaur skeleton (D:7)
  Jessica (D:3)
  A scorpion zombie (D:5)
  7 orc wizards
  A hound skeleton (D:5)
  A howler monkey zombie (D:6)
  Robin (D:3)
  3 gnolls (D:7)
  4 adders
  A shadow imp (D:7)
  2 white imps
  2 worms
  3 dart slugs
  17 orcs
  6 endoplasms
  A giant cockroach (D:2)
  10 goblins
  3 hobgoblins (D:3)
  5 jackals
  16 kobolds
  A quokka (D:1)
  6 ball pythons
  3 bats
  3 rats
143 creatures vanquished.

Vanquished Creatures (collateral kills)
  A slime creature (D:9)
  A centaur (D:6)
  Natasha (twice) (D:3)
  2 orc wizards
  2 worms (D:4)
  9 orcs
  5 goblins (D:3)
  A hobgoblin (D:3)
  2 jackals (D:3)
  2 kobolds (D:8)
  A quokka (D:5)
28 creatures vanquished.

Vanquished Creatures (others)
  Ijyb (D:5)
  6 hexers
7 creatures vanquished.

Grand Total: 178 creatures vanquished

Notes
Turn   | Place    | Note
-------+----------+-------------------------------------------
     0 | D:1      | cbfl8 the Kobold Monk began the quest for the Orb.
     0 | D:1      | Reached XP level 1. HP: 14/14 MP: 1/1
    83 | D:1      | Reached XP level 2. HP: 19/19 MP: 2/2
   191 | D:1      | Reached skill level 3 in Stealth
   931 | D:2      | Reached XP level 3. HP: 23/23 MP: 3/3
  1222 | D:2      | Reached skill level 1 in Evocations
  1272 | D:2      | Found a faded altar of an unknown god.
  1972 | D:2      | Identified a scroll of acquirement
  1974 | D:2      | Acquired a manual of Short Blades
  1994 | D:3      | Reached skill level 4 in Stealth
  2031 | D:3      | Found a hazy altar of Hepliaklqana.
  2050 | D:3      | Found a shimmering blue altar of Sif Muna.
  2069 | D:3      | Noticed Jessica
  2094 | D:3      | Became a worshipper of Hepliaklqana the Forgotten
  2094 | D:3      | Reached * piety under Hepliaklqana
  2094 | D:3      | Reached ** piety under Hepliaklqana
  2098 | D:3      | Killed Jessica
  2099 | D:3      | Reached XP level 4. HP: 25/25 MP: 4/4
  2099 | D:3      | Remembered your ancestor Valentine as a hexer
  2169 | D:3      | Noticed Robin
  2512 | D:3      | Noticed Natasha
  2523 | D:3      | Killed Natasha
  2524 | D:3      | Reached XP level 5. HP: 28/29 MP: 5/5
  2551 | D:3      | Noticed a steam dragon
  2556 | D:3      | Killed Robin
  2557 | D:3      | Reached skill level 1 in Armour
  3280 | D:3      | Reached skill level 5 in Stealth
  3284 | D:3      | Reached skill level 5 in Short Blades
  3649 | D:3      | Noticed Natasha
  3655 | D:3      | Killed Natasha
  3656 | D:3      | Reached XP level 6. HP: 34/34 MP: 6/6
  3765 | D:4      | Noticed Grinder
  3768 | D:4      | Paralysed by Grinder for 4 turns
  3780 | D:4      | Killed Grinder
  3781 | D:4      | Reached skill level 6 in Stealth
  3781 | D:4      | Reached XP level 7. HP: 19/38 MP: 7/7
  4393 | D:4      | Found a transporter.
  4395 | D:4      | Found a transporter.
  5005 | D:4      | Noticed Eustachio
  5022 | D:4      | Killed Eustachio
  5023 | D:4      | Reached skill level 7 in Stealth
  5133 | D:5      | Entered Level 5 of the Dungeon
  5140 | D:5      | Noticed a water moccasin
  5143 | D:5      | Killed a water moccasin
  5169 | D:5      | Reached skill level 8 in Stealth
  5169 | D:5      | Reached XP level 8. HP: 43/43 MP: 8/8
  5212 | D:5      | Noticed Ijyb
  5399 | D:5      | Killed Ijyb
  6017 | D:5      | Identified the +6 ring mail "Rosmie Toynu" {rPois rN+}
  6019 | D:5      | Found a large runed translucent door.
  6019 | D:5      | Found a large runed translucent door.
  6019 | D:5      | Noticed Blork the orc
  6032 | D:5      | Killed Blork the orc
  6240 | D:5      | Reached skill level 9 in Stealth
  6295 | D:5      | Identified the +8 flail of the Equinox {protect, rElec rC-
                  | Str+7 Dex+4}
  6378 | D:5      | Found a one-way gate to the infinite horrors of the Abyss.
  6544 | D:5      | Found a corrupted altar of Lugonu.
  6774 | D:6      | Reached *** piety under Hepliaklqana
  7025 | D:6      | Reached skill level 10 in Stealth
  7025 | D:6      | Reached XP level 9. HP: 39/46 MP: 9/9
  7229 | D:6      | Reached skill level 5 in Dodging
  7311 | D:6      | Found a glowing silver altar of Zin.
  7311 | D:6      | Found a shimmering altar of Xom.
  7311 | D:6      | Found an opulent altar of Gozag.
  7394 | D:6      | Noticed Sigmund
  7398 | D:6      | Reached skill level 5 in Evocations
  7409 | D:6      | Killed Sigmund
  7410 | D:6      | Reached skill level 5 in Fighting
  7410 | D:6      | Reached skill level 11 in Stealth
  7921 | D:7      | Found a transporter.
  7923 | D:7      | Found a transporter.
  7981 | D:7      | Reached skill level 12 in Stealth
  7987 | D:7      | Found a staircase to the Ecumenical Temple.
  8700 | D:7      | Reached skill level 13 in Stealth
  8700 | D:7      | Reached XP level 10. HP: 53/53 MP: 10/10
  8734 | D:7      | Found a corrupted altar of Lugonu.
  8934 | D:7      | Noticed a brown ugly thing
  9642 | D:8      | Reached **** piety under Hepliaklqana
  9727 | D:8      | Reached skill level 10 in Short Blades
  9885 | D:8      | Reached skill level 14 in Stealth
  9946 | D:8      | Found the amulet of the Air {Inacc Air Fly rElec RMsl}
 10138 | D:8      | Found Ipholesie's General Store.
 10143 | D:8      | Bought a potion of heal wounds for 65 gold pieces
 10143 | D:8      | Bought a potion of curing for 39 gold pieces
 10867 | D:9      | Slain by a slime creature

Illustrated notes

Levels and vault maps discovered:
D:1:      amcnicky_arrival_choice, layout_loops_ring
D:2:      layout_loops_ring, basic_ecumenical_altar
D:3:      layout_basic, jmf_multi_god_temple, uniq_jessica, uniq_natasha,
          uniq_robin
D:4:      layout_loops_corners, gammafunk_ghost_abyssal_escape,
          ebering_dispersal_statue_hall, minmay_misc_feat_four_crosses,
          lightli_corner_chamber, uniq_eustachio, uniq_grinder
D:5:      due_chaos_kobolds, layout_cave_pools, uniq_blork_the_orc, uniq_ijyb
D:6:      layout_rooms, gammafunk_temple_overflow_claw, minmay_manual_mares,
          uniq_sigmund
D:7:      gammafunk_corrupted_shrine, layout_loops_ring,
          minmay_temple_entry_offerings
D:8:      layout_basic, serial_shops, shop_fountains
D:9:      layout_irregular_city, biasface_ghost_orc_armoury, minivault_16

Skill      XL: |  1  2  3  4  5  6  7  8  9 10 |
---------------+-------------------------------+-----
Stealth        | 3 4 5 6 8 10 13 14 | 14.7
Evocations     | 1 2 3 4 6 8 |  8.0
Fighting       | 4 5 |  5.6
Armour         | 1 2 |  2.0
Short Blades   | 5 7 8 9 10 | 10.0
Dodging        | 4 5 6 |  6.4
Unarmed Combat | |  0.1

Action                   |  1- 3 |  4- 6 |  7- 9 | 10-12 || total
-------------------------+-------+-------+-------+-------++-------
Melee: Short sword       |    26 |       |       |       ||    26
       Dagger            |    64 |    58 |   336 |   202 ||   660
       Punch             |     2 |     2 |    11 |     4 ||    19
       Unarmed           |       |     9 |       |       ||     9
Invok: Ancestor Life: He |       |     1 |       |       ||     1
       Ancestor Identity |       |     1 |       |       ||     1
       Recall Ancestor   |       |       |       |     2 ||     2
  Use: Scroll            |     6 |     3 |     3 |     3 ||    15
       Potion            |       |       |     2 |     1 ||     3
 Stab: Sleeping          |    16 |     6 |    25 |     6 ||    53
       Confused          |       |     1 |     8 |     1 ||    10
       Distracted        |       |       |     6 |     1 ||     7
Armor: Ring mail         |    14 |    17 |    80 |    32 ||   143
Dodge: Dodged            |    39 |    50 |   179 |    88 ||   356
